 Dungeon Crawl Stone Soup version 0.31-a0-159-gadcf659a07 (webtiles) character file.

Game seed: 8562679566290694797

1441 qw the Skirmisher (level 8, -2/65 (74) HPs)
             Began as a Naga Hunter on June 12, 2023.
             Slain by a wight
             ... wielding a +1 great sword
              (15 damage)
             ... on level 6 of the Dungeon.
             The game lasted 00:01:21 (4792 turns).

qw the Skirmisher (Naga Hunter)                     Turns: 4792, Time: 00:01:22

HP:   -2/65 (74)    AC:  8    Str: 11    XL:     8   Next: 74%
MP:   8/8           EV:  9    Int: 10    God:
Gold: 151           SH:  0    Dex: 17    Spells: 7/7 levels left

rFire   . . .        Y - +1 orcbow
rCold   + . .        (shield currently unavailable)
rNeg    . . .        d - +2 ring mail {rC+}
rPois   +            (no helmet)
rElec   .            m - +0 cloak
rCorr   +            (no gloves)
SInv    +            (no barding)
Will    +....        f - amulet of faith
Stlth   +            a - +4 ring of slaying {mikee}
HPRegen 0.30/turn    e - ring of resist corrosion
MPRegen 0.11/turn

%: clarity, faith
@: about to teleport, heavily drained, very slow
A: AC +2, large, see invisible, deformed body, poison resistance, slowness 2,
spit poison 1, naga tail 1, clarity, weak 1
a: Spit Poison


You were on level 6 of the Dungeon.
You visited 1 branch of the dungeon, and saw 6 of its levels.

You collected 218 gold pieces.
You spent 67 gold pieces at shops.


Innate Abilities, Weirdness & Mutations

Your serpentine skin is tough. (AC +2)
You have supernaturally acute eyesight. (SInv)
Armour fits poorly on your strangely shaped body.
Your system is resistant to poisons. (rPois)
You cover ground very slowly.
You can spit poison.
You have a snake-like lower body.
You possess an exceptional clarity of mind.
You are weak. (Str -2)


   Skills:
 - Level 5.0 Fighting
 + Level 8.9 Ranged Weapons
 - Level 2.1 Armour
 - Level 2.1 Dodging
 - Level 1.5 Stealth


You had 7 spell levels left.
You didn't know any spells.
Your spell library was empty.

Inventory:

Hand Weapons
 Y - a +1 orcbow (weapon)
Armour
 d - a +2 ring mail of cold resistance (worn)
 j - a +2 robe of positive energy
 m - a +0 cloak (worn)
 o - the +1 ring mail of Fieck {Harm *Corrode rF+}
   (You found it on level 5 of the Dungeon)

   rF:        It protects you from fire.
   *Corrode:  It may corrode you when you take damage.
   Harm:      It increases damage dealt and taken.
Jewellery
 a - a +4 ring of slaying (left hand) {mikee}
 e - a ring of resist corrosion (right hand)
 f - an amulet of faith (around neck)
 h - an amulet of regeneration
 t - a ring of positive energy
Scrolls
 i - 2 scrolls of identify
Potions
 b - a potion of cancellation
 c - a potion of heal wounds
 g - 2 potions of curing
 k - 4 potions of mutation
 p - a potion of might
 q - 2 potions of resistance {unknown}
 r - a potion of lignification {unknown}

Dungeon Overview and Level Annotations

Branches:
Dungeon (6/15)
 Temple: D:4-7

Altars:
Ashenzari
Kikubaaqudgha

Shops:
D:5 [

Annotations:
D:2 1 runed translucent door, Crazy Yiuf


Message History

You have got your breath back.
The hound pauses to sniff the ground.
The hound closely misses you. The hound bites you.
4785 ||| INVOKING Spit Poison.
Aiming: Spit Poison (1% risk of failure)
Press: ? - help, Shift-Dir - straight line, f/p - hound The splash of poison misses the hound.
The hound bites you.
The wight hits you with a +1 great sword.
You feel drained.
You shoot an arrow. The arrow misses the hound.
The hound barely misses you.
The wight hits you with a +1 great sword.
The hound bites you but does no damage.
You shoot an arrow. The arrow hits the hound!
You kill the hound!
You have got your breath back.
The wight hits you with a +1 great sword.
You feel drained.
A wight comes into view. It is wielding a +0 scimitar.
You shoot an arrow. The arrow hits the wight!
The wight is severely damaged.
The wight hits you with a +1 great sword!
You feel drained. The wight hits you with a +4 falchion.
You feel drained. The wight hits you with a +0 flail.
You feel drained. The wight hits you but does no damage.
The wight barely misses you.
You shoot an arrow. The arrow closely misses the wight.
The wight closely misses you. The wight hits you with a +0 flail!
The wight hits you with a +4 falchion.
You feel drained. The wight barely misses you.
You shoot an arrow. The arrow closely misses the wight.
The wight hits you with a +0 flail. The wight misses you.
You shoot an arrow. The arrow closely misses the wight.
The wight barely misses you. x2; The wight hits you with a +0 flail!
You feel drained.
4792 ||| READING scroll of teleportation.
As you read the scroll of teleportation, it crumbles to dust.
You feel strangely unstable.
The wight hits you with a +1 great sword!
You die...

#.# ##.# .. #..# ..
.. #.## ##.. .. #.#
#... .# #.# ..#
.####.# ##.# #.#
z.... ##..# #.##z.#
#..##
#..####..@z####.
#.##
.........zz......
#.#
######..#.######
#.# ########.)....#
#.###........#...##
#.##..########..##
#.##.## #..# #....#
.... #.#### .....


You could see 5 wights.

Vanquished Creatures
  Edmund (D:5)
  Duvessa (D:4)
  3 black bears
  2 ogres
  A centaur (D:5)
  Blork the orc (D:4)
  2 scorpions (D:5)
  Dowan (D:4)
  A jelly (D:5)
  6 hounds
  A sleepcap (D:5)
  Ijyb (D:5)
  Jessica (D:3)
  An iguana (D:4)
  An orc wizard (D:4)
  4 gnolls
  3 adders
  A dart slug (D:1)
  5 orcs
  A bat zombie (D:5)
  5 endoplasms
  16 giant cockroaches
  A goblin (D:1)
  4 hobgoblins
  5 quokkas
  10 ball pythons
  3 bats (D:1)
  4 frilled lizards
  9 kobolds
  A rat zombie (D:5)
96 creatures vanquished.

Notes
Turn   | Place    | Note
-------+----------+-------------------------------------------
     0 | D:1      | qw the Naga Hunter began the quest for the Orb.
     0 | D:1      | Reached XP level 1. HP: 19/19 MP: 1/1
     0 | D:1      | 0 ||| qw: Version: 0.2-a-29-gc1b59c4
     0 | D:1      | 0 ||| qw: Game counter: 4160
     0 | D:1      | 0 ||| qw: Always use a shield: true
     0 | D:1      | 0 ||| qw: God list: Okawaru
     0 | D:1      | 0 ||| qw: Allow faded altars: false
     0 | D:1      | 0 ||| qw: Do Orc after D:15 true
     0 | D:1      | 0 ||| qw: Do second Lair branch before Depths: true
     0 | D:1      | 0 ||| qw: Lair rune preference: random
     0 | D:1      | 0 ||| qw: Plans: Normal
     0 | D:1      | 0 ||| PLANNING D:1-11
   105 | D:1      | 105 ||| INVOKING Spit Poison.
   111 | D:1      | 111 ||| INVOKING Spit Poison.
   153 | D:1      | 153 ||| INVOKING Spit Poison.
   179 | D:1      | 179 ||| INVOKING Spit Poison.
   184 | D:1      | 184 ||| INVOKING Spit Poison.
   187 | D:1      | Reached skill level 4 in Ranged Weapons
   187 | D:1      | Reached XP level 2. HP: 22/26 MP: 2/2
   250 | D:1      | Found a faded altar of an unknown god.
   333 | D:1      | 333 ||| INVOKING Spit Poison.
   351 | D:1      | 351 ||| INVOKING Spit Poison.
   355 | D:1      | 355 ||| INVOKING Spit Poison.
   369 | D:1      | 369 ||| INVOKING Spit Poison.
   482 | D:1      | 482 ||| INVOKING Spit Poison.
   494 | D:1      | 494 ||| INVOKING Spit Poison.
   508 | D:1      | 508 ||| SWAPPING to +0 orcbow.
   509 | D:1      | 509 ||| INVOKING Spit Poison.
   510 | D:1      | 510 ||| DROPPING +0 shortbow.
   558 | D:1      | 558 ||| INVOKING Spit Poison.
   559 | D:1      | Reached XP level 3. HP: 32/32 MP: 3/3
   562 | D:1      | 562 ||| INVOKING Spit Poison.
   659 | D:1      | 659 ||| UPGRADING to +4 ring of slaying {mikee}.
   660 | D:1      | 660 ||| READING scroll labelled VOLIVAGR VICU.
   761 | D:1      | 761 ||| READING scroll labelled QUCEUTWO COZUI.
   762 | D:1      | 762 ||| DROPPING scroll of butterflies.
   787 | D:2      | 787 ||| INVOKING Spit Poison.
   926 | D:2      | 926 ||| INVOKING Spit Poison.
   962 | D:2      | 962 ||| INVOKING Spit Poison.
   963 | D:2      | 963 ||| INVOKING Spit Poison.
  1340 | D:2      | 1340 ||| INVOKING Spit Poison.
  1345 | D:2      | 1345 ||| INVOKING Spit Poison.
  1354 | D:2      | 1354 ||| INVOKING Spit Poison.
  1398 | D:2      | Found a runed translucent door.
  1399 | D:2      | Noticed Crazy Yiuf
  1555 | D:2      | 1555 ||| INVOKING Spit Poison.
  1560 | D:2      | 1560 ||| INVOKING Spit Poison.
  1565 | D:2      | 1565 ||| INVOKING Spit Poison.
  1571 | D:2      | 1571 ||| INVOKING Spit Poison.
  1575 | D:2      | 1575 ||| INVOKING Spit Poison.
  1580 | D:2      | 1580 ||| INVOKING Spit Poison.
  1591 | D:2      | Reached skill level 5 in Ranged Weapons
  1593 | D:2      | Reached XP level 4. HP: 39/39 MP: 4/4
  1708 | D:2      | 1708 ||| UPGRADING to amulet of faith.
  1713 | D:2      | 1713 ||| UPGRADING to ring of resist corrosion.
  1714 | D:2      | 1714 ||| READING scroll labelled FAORRO WEDUKE.
  1757 | D:3      | 1757 ||| INVOKING Spit Poison.
  1954 | D:3      | Noticed Jessica
  1958 | D:3      | Killed Jessica
  2042 | D:3      | 2042 ||| INVOKING Spit Poison.
  2071 | D:3      | 2071 ||| INVOKING Spit Poison.
  2387 | D:3      | 2387 ||| INVOKING Spit Poison.
  2561 | D:3      | 2561 ||| UPGRADING to +2 robe of positive energy.
  2571 | D:3      | 2571 ||| DROPPING +0 leather armour.
  2572 | D:3      | 2572 ||| READING 2 scrolls labelled AKEUBO CUST.
  2573 | D:3      | 2573 ||| READING scroll labelled EJIPAB VYLEFU.
  2574 | D:3      | 2574 ||| READING scroll labelled ESCHOME XUKH.
  2577 | D:3      | 2577 ||| DRINKING 4 red potions.
  2578 | D:3      | 2578 ||| DROPPING 3 potions of enlightenment.
  2621 | D:4      | 2621 ||| INVOKING Spit Poison.
  2635 | D:4      | 2635 ||| INVOKING Spit Poison.
  2643 | D:4      | Noticed Blork the orc
  2644 | D:4      | 2644 ||| INVOKING Spit Poison.
  2649 | D:4      | 2649 ||| INVOKING Spit Poison.
  2652 | D:4      | Killed Blork the orc
  2653 | D:4      | Reached XP level 5. HP: 20/50 MP: 5/5
  2713 | D:4      | 2713 ||| INVOKING Spit Poison.
  2774 | D:4      | 2774 ||| INVOKING Spit Poison.
  2780 | D:4      | 2780 ||| INVOKING Spit Poison.
  2814 | D:4      | 2814 ||| DRINKING 2 smoky cyan potions.
  2817 | D:4      | 2817 ||| INVOKING Spit Poison.
  2822 | D:4      | 2822 ||| INVOKING Spit Poison.
  2929 | D:4      | 2929 ||| INVOKING Spit Poison.
  2932 | D:4      | 2932 ||| INVOKING Spit Poison.
  2933 | D:4      | Reached XP level 6. HP: 57/57 MP: 6/6
  2969 | D:4      | Noticed Duvessa
  2970 | D:4      | 2970 ||| INVOKING Spit Poison.
  2974 | D:4      | 2974 ||| INVOKING Spit Poison.
  2979 | D:4      | 2979 ||| INVOKING Spit Poison.
  2980 | D:4      | Killed Duvessa
  2980 | D:4      | Noticed Dowan
  2981 | D:4      | Reached skill level 6 in Ranged Weapons
  2984 | D:4      | 2984 ||| INVOKING Spit Poison.
  2989 | D:4      | 2989 ||| INVOKING Spit Poison.
  2992 | D:4      | 2992 ||| INVOKING Spit Poison.
  2994 | D:4      | Killed Dowan
  3294 | D:4      | 3294 ||| UPGRADING to +2 ring mail of cold resistance.
  3304 | D:4      | 3304 ||| DRINKING 2 fuming yellow potions.
  3304 | D:4      | Gained mutation: You are weak. (Str -2) [potion of
                  | mutation]
  3304 | D:4      | Gained mutation: You possess an exceptional clarity of
                  | mind. [potion of mutation]
  3339 | D:5      | Entered Level 5 of the Dungeon
  3340 | D:5      | 3340 ||| PLANNING SEWER
  3340 | D:5      | 3340 ||| INVOKING Spit Poison.
  3341 | D:5      | Noticed a black bear
  3345 | D:5      | 3345 ||| INVOKING Spit Poison.
  3348 | D:5      | 3348 ||| INVOKING Spit Poison.
  3349 | D:5      | 3349 ||| STAIRDANCE
  3353 | D:4      | 3353 ||| INVOKING Spit Poison.
  3358 | D:4      | 3358 ||| INVOKING Spit Poison.
  3358 | D:4      | Killed a black bear
  3359 | D:4      | Reached XP level 7. HP: 20/64 MP: 7/7
  3506 | D:5      | 3506 ||| INVOKING Spit Poison.
  3525 | D:5      | Found Vyfadghuf's Armour Boutique.
  3528 | D:5      | 3528 ||| BUYING +0 cloak (67 gold).
  3528 | D:5      | Bought a +0 cloak for 67 gold pieces
  3528 | D:5      | 3528 ||| SHOPLISTING +2 cloak of willpower (322 gold, have
                  | 75).
  3565 | D:5      | 3565 ||| INVOKING Spit Poison.
  3571 | D:5      | 3571 ||| INVOKING Spit Poison.
  3575 | D:5      | 3575 ||| INVOKING Spit Poison.
  3576 | D:5      | 3576 ||| INVOKING Spit Poison.
  3595 | D:5      | 3595 ||| INVOKING Spit Poison.
  3696 | D:5      | 3696 ||| INVOKING Spit Poison.
  3700 | D:5      | 3700 ||| INVOKING Spit Poison.
  3703 | D:5      | Noticed Edmund
  3704 | D:5      | 3704 ||| INVOKING Spit Poison.
  3706 | D:5      | Reached skill level 7 in Ranged Weapons
  3708 | D:5      | 3708 ||| INVOKING Spit Poison.
  3712 | D:5      | HP: 12/64 [Edmund/+3 flail of protection (13)]
  3713 | D:5      | 3713 ||| READING scroll of teleportation.
  3714 | D:5      | 3714 ||| INVOKING Spit Poison.
  3714 | D:5      | Killed Edmund
  3715 | D:5      | Reached XP level 8. HP: 9/72 MP: 8/8
  3929 | D:5      | Identified the +1 ring mail of Fieck {Harm *Corrode rF+}
  3961 | D:5      | 3961 ||| RIP SEWER
  3986 | D:5      | 3986 ||| PLANNING D:1-11
  3988 | D:5      | 3988 ||| INVOKING Spit Poison.
  3991 | D:5      | 3991 ||| INVOKING Spit Poison.
  3995 | D:5      | Reached skill level 8 in Ranged Weapons
  4143 | D:5      | 4143 ||| INVOKING Spit Poison.
  4198 | D:5      | 4198 ||| INVOKING Spit Poison.
  4219 | D:5      | 4219 ||| INVOKING Spit Poison.
  4224 | D:5      | 4224 ||| INVOKING Spit Poison.
  4228 | D:5      | 4228 ||| INVOKING Spit Poison.
  4387 | D:5      | Found an ancient bone altar of Kikubaaqudgha.
  4448 | D:5      | Noticed Ijyb
  4449 | D:5      | 4449 ||| INVOKING Spit Poison.
  4456 | D:5      | 4456 ||| INVOKING Spit Poison.
  4456 | D:5      | Killed Ijyb
  4502 | D:5      | 4502 ||| UPGRADING to +0 cloak.
  4507 | D:5      | 4507 ||| READING scroll labelled REULLU UMIPOOC.
  4508 | D:5      | 4508 ||| READING scroll labelled RENOIXZUPED.
  4509 | D:5      | 4509 ||| DRINKING 2 glowing pink potions.
  4510 | D:5      | 4510 ||| READING 2 scrolls of identify.
  4510 | D:5      | 4510 ||| IDENTIFYING fizzy blue potion
  4578 | D:6      | Found a broken altar of Ashenzari.
  4650 | D:6      | 4650 ||| INVOKING Spit Poison.
  4668 | D:6      | 4668 ||| INVOKING Spit Poison.
  4781 | D:6      | 4781 ||| INVOKING Spit Poison.
  4785 | D:6      | 4785 ||| INVOKING Spit Poison.
  4791 | D:6      | HP: 14/66 [wight/+0 flail (7)]
  4792 | D:6      | 4792 ||| READING scroll of teleportation.
  4792 | D:6      | Slain by a wight

Levels and vault maps discovered:
D:1:      dpeg_arrival_radiant, layout_basic, chequers_ecumenical_altar_grove
D:2:      minmay_roachtagon, layout_loops_ring, grunt_ministairs_12,
          minmay_misc_feat_hallway, uniq_crazy_yiuf_cottage
D:3:      layout_loops_corners, uniq_jessica
D:4:      layout_rooms, serial_glass, glass_columns_c, glass_columns_c,
          uniq_blork_the_orc, uniq_duvessa
D:5:      layout_basic, lemuel_zombie_altar_kikubaaqudgha, portal_sewer_entry_e,
          serial_shops, nicolae_shop_crystal, grunt_ministairs_12,
          cheibrodos_gnoll_hut, uniq_edmund, uniq_ijyb
D:6:      layout_rooms, old_standard_altar, gammafunk_ghost_necromancy,
          minmay_crystal_water

Skill      XL: |  1  2  3  4  5  6  7  8 |
---------------+-------------------------+-----
Ranged Weapons | 4 5 6 7 8 |  8.9
Fighting       | 4 5 |  5.0
Dodging        | 2 |  2.1
Armour         | 2 |  2.1
Stealth        | |  1.5

Action                     |  1- 3 |  4- 6 |  7- 9 || total
---------------------------+-------+-------+-------++-------
   Fire: Shortbow          |    25 |       |       ||    25
         Orcbow            |    30 |    70 |    74 ||   174
Ability: Spit Poison       |    26 |    26 |    23 ||    75
    Use: Scroll            |     2 |     4 |     5 ||    11
         Potion            |       |     3 |     1 ||     4
 Armour: Leather armour    |     9 |     1 |       ||    10
         Robe              |       |    14 |       ||    14
         Ring mail         |       |    20 |    33 ||    53
  Dodge: Dodged            |    18 |    46 |    38 ||   102

Table legend:
 A = Non-vault XP
 B = Vault XP
 C = Vault XP percentage of total XP
 D = Non-vault monster count
 E = Vault monster count
 F = Vault count percentage of total count
                 A         B        C        D         E       F
            +---------+---------+-------+---------+---------+-------
      Total |    1162 |     897 |  43.6 |      69 |      27 |  28.1
            +---------+---------+-------+---------+---------+-------
        D:1 |      37 |       0 |   0.0 |      21 |       0 |   0.0
        D:2 |       8 |      38 |  82.6 |       5 |      14 |  73.7
        D:3 |      12 |      37 |  75.5 |       7 |       1 |  12.5
        D:4 |     279 |     305 |  52.2 |      19 |       3 |  13.6
        D:5 |     615 |     517 |  45.7 |      14 |       9 |  39.1
        D:6 |     211 |       0 |   0.0 |       3 |       0 |   0.0
            +---------+---------+-------+---------+---------+-------
